TOP OF THE 1ST |
Medicine Hat Blue Jays batting - Pitching for Bozeman Pheasants : RHP Freddie Toliver
|
Pitching: RHP Freddie Toliver
|
|
Batting: LHB Jeffrey Wilson
|
0-0: Ball 1-0: Called Strike 1-1: Swinging Strike 1-2: Ball 2-2: Ball 3-2: Base on Balls
|
Batting: RHB Burt Milley
|
0-0: Called Strike 0-1: Ball 1-1: Hit by Pitch Jeffrey Wilson to second
|
Batting: RHB Greg Legg
|
0-0: Ball 1-0: Foul Ball, location: 2F 1-1: Grounds into double play, 6-4-3 (Groundball, 6S, EV 84.4 MPH) Jeffrey Wilson to third
|
Batting: LHB Alberto Chino
|
0-0: Called Strike 0-1: Ground out 4-3 (Groundball, 4, EV 81.9 MPH)
|
Top of the 1st over - 0 runs, 0 hits, 0 errors, 1 left on base; Medicine Hat 0 - Bozeman 0 |
BOTTOM OF THE 1ST |
Bozeman Pheasants batting - Pitching for Medicine Hat Blue Jays : LHP Chris Green
|
Pitching: LHP Chris Green
|
|
Batting: RHB Willie Picchioni
|
0-0: Called Strike 0-1: Called Strike 0-2: SINGLE (Line Drive, 9S, EV 90.6 MPH)
|
Batting: LHB Billy Fink
|
0-0: Foul Ball, location: 2F 0-1: Fly out, F8 (Line Drive, 8RD, EV 95.0 MPH)
|
Batting: LHB Billy Jo Robidoux
|
0-0: Called Strike 0-1: Fly out, F4 (Flyball, 4D, EV 81.9 MPH)
|
Batting: LHB Steve Padia
|
0-0: Called Strike Willie Picchioni is caught stealing 2nd base 2-6
|
Bottom of the 1st over - 0 runs, 1 hit, 0 errors, 0 left on base; Medicine Hat 0 - Bozeman 0 |
TOP OF THE 2ND |
Medicine Hat Blue Jays batting - Pitching for Bozeman Pheasants : RHP Freddie Toliver
|
Batting: RHB Carlos Ponce
|
0-0: Ball 1-0: Fly out, F9 (Line Drive, 9, EV 96.3 MPH)
|
Batting: LHB Roberto Pacheco
|
0-0: Ball 1-0: Ball 2-0: Foul Ball, location: 2F 2-1: Called Strike 2-2: Foul Ball, location: 2F 2-2: Ball 3-2: Base on Balls
|
Batting: RHB Terence Shoebridge
|
0-0: Ball 1-0: SINGLE (Groundball, 6D, EV 96.9 MPH) Roberto Pacheco to second
|
Batting: SHB Manuel DelRosario
|
0-0: Called Strike 0-1: Ball 1-1: Ball 2-1: Ball 3-1: Foul Ball, location: 2F 3-2: Base on Balls Roberto Pacheco to third Terence Shoebridge to second
|
Batting: RHB Jose Valdez
|
0-0: Called Strike 0-1: Called Strike 0-2: Strikes out swinging
|
Batting: LHB Jeffrey Wilson
|
0-0: Called Strike 0-1: Foul Ball, location: 2F 0-2: Ball 1-2: SINGLE (Line Drive, 7S, EV 110.6 MPH) Roberto Pacheco scores Terence Shoebridge to third Manuel DelRosario to second Runner from 3rd tries for Home, SAFE, throw by LF to home
|
Batting: RHB Burt Milley
|
0-0: Ball 1-0: Fly out, F9 (Line Drive, 9, EV 110.6 MPH)
|
Top of the 2nd over - 2 runs, 2 hits, 0 errors, 2 left on base; Medicine Hat 2 - Bozeman 0 |
BOTTOM OF THE 2ND |
Bozeman Pheasants batting - Pitching for Medicine Hat Blue Jays : LHP Chris Green
|
Batting: LHB Steve Padia
|
0-0: SINGLE (Groundball, 34D, EV 96.3 MPH)
|
Batting: LHB Russ Orrick
|
0-0: Ground out U3 (Groundball, 23, EV 86.9 MPH) Steve Padia to second
|
Batting: RHB Tom Duggan
|
0-0: Ground out 4-3 (Groundball, 4M, EV 87.5 MPH) Steve Padia to third
|
Batting: LHB Martin Baier
|
0-0: Ball 1-0: Ball 2-0: Called Strike 2-1: Foul Ball, location: 2F 2-2: Ground out 5-3 (Groundball, 5L, EV 86.9 MPH)
|
Bottom of the 2nd over - 0 runs, 1 hit, 0 errors, 1 left on base; Medicine Hat 2 - Bozeman 0 |
TOP OF THE 3RD |
Medicine Hat Blue Jays batting - Pitching for Bozeman Pheasants : RHP Freddie Toliver
|
Batting: RHB Greg Legg
|
0-0: Ball 1-0: Called Strike 1-1: Ball 2-1: Swinging Strike 2-2: Strikes out looking
|
Batting: LHB Alberto Chino
|
0-0: Swinging Strike 0-1: Foul Ball, location: 2F 0-2: Ball 1-2: Ground out U3 (Groundball, 3, EV 105.6 MPH)
|
Batting: RHB Carlos Ponce
|
0-0: Ball 1-0: Ball 2-0: Ball 3-0: Called Strike 3-1: Swinging Strike 3-2: Foul Ball, location: 2F 3-2: Base on Balls
|
Batting: LHB Roberto Pacheco
|
0-0: Ball 1-0: Foul Ball, location: 2F 1-1: Ball 2-1: Called Strike 2-2: Ball Carlos Ponce steals 2nd base 3-2: Ground out 6-3 (Groundball, 6, EV 78.1 MPH)
|
Top of the 3rd over - 0 runs, 0 hits, 0 errors, 1 left on base; Medicine Hat 2 - Bozeman 0 |
BOTTOM OF THE 3RD |
Bozeman Pheasants batting - Pitching for Medicine Hat Blue Jays : LHP Chris Green
|
Batting: RHB Greg Toler
|
0-0: Ball 1-0: Called Strike 1-1: Foul Ball, location: 2F 1-2: Strikes out looking
|
Batting: SHB Kenneth Merritt
|
0-0: Called Strike 0-1: Ground out 6-3 (Groundball, 6, EV 97.5 MPH)
|
Batting: RHB Willie Picchioni
|
0-0: Ground out 5-3 (Groundball, 56S, EV 88.8 MPH)
|
Bottom of the 3rd over - 0 runs, 0 hits, 0 errors, 0 left on base; Medicine Hat 2 - Bozeman 0 |
TOP OF THE 4TH |
Medicine Hat Blue Jays batting - Pitching for Bozeman Pheasants : RHP Freddie Toliver
|
Batting: RHB Terence Shoebridge
|
0-0: Ball 1-0: Ground out 6-3 (Groundball, 6, EV 89.4 MPH)
|
Batting: SHB Manuel DelRosario
|
0-0: Ground out 3-1 (Groundball, 34, EV 103.1 MPH)
|
Batting: RHB Jose Valdez
|
0-0: Ball 1-0: Ground out 5-3 (Groundball, 56S, EV 87.5 MPH)
|
Top of the 4th over - 0 runs, 0 hits, 0 errors, 0 left on base; Medicine Hat 2 - Bozeman 0 |
BOTTOM OF THE 4TH |
Bozeman Pheasants batting - Pitching for Medicine Hat Blue Jays : LHP Chris Green
|
Batting: LHB Billy Fink
|
0-0: Called Strike 0-1: Ball 1-1: Ground out 4-3 (Groundball, 4, EV 81.3 MPH)
|
Batting: LHB Billy Jo Robidoux
|
0-0: DOUBLE (Line Drive, 78M, EV 105.6 MPH)
|
Batting: LHB Steve Padia
|
0-0: Ball 1-0: Called Strike 1-1: Ball 2-1: Swinging Strike 2-2: Ball 3-2: Base on Balls
|
Batting: LHB Russ Orrick
|
0-0: Ball 1-0: 3-RUN HOME RUN (Flyball, 89XD, EV 95.0 MPH), Distance : 413 ft
|
Batting: RHB Tom Duggan
|
0-0: Ball 1-0: Ball 2-0: Ball 3-0: Called Strike 3-1: Fly out, F5 (Popup, 5F, EV 60.6 MPH)
|
Batting: LHB Martin Baier
|
0-0: Called Strike 0-1: Called Strike 0-2: Ground out 1-3 (Groundball, 13S, EV 66.3 MPH)
|
Bottom of the 4th over - 3 runs, 2 hits, 0 errors, 0 left on base; Medicine Hat 2 - Bozeman 3 |
TOP OF THE 5TH |
Medicine Hat Blue Jays batting - Pitching for Bozeman Pheasants : RHP Freddie Toliver
|
Batting: LHB Jeffrey Wilson
|
0-0: Reached via error on a dropped throw from 1B, E1 (Groundball, 34S, EV 80.0 MPH)
|
Batting: RHB Burt Milley
|
0-0: Sac Bunt to 13 - play at second, runner OUT! 1-6
|
Batting: RHB Greg Legg
|
0-0: Ball 1-0: Called Strike 1-1: Ball 2-1: Swinging Strike 2-2: Ball 3-2: Fly out, F9 (Flyball, 89D, EV 97.5 MPH) Runner from 1st tags up, SAFE at 2nd
|
Batting: LHB Alberto Chino
|
0-0: Ball 1-0: Foul Ball, location: 2F 1-1: Fly out, F8 (Line Drive, 8RD, EV 86.9 MPH)
|
Top of the 5th over - 0 runs, 0 hits, 1 error, 1 left on base; Medicine Hat 2 - Bozeman 3 |
BOTTOM OF THE 5TH |
Bozeman Pheasants batting - Pitching for Medicine Hat Blue Jays : LHP Chris Green
|
Batting: RHB Greg Toler
|
0-0: Ball 1-0: Called Strike 1-1: Foul Ball, location: 2F 1-2: Ball 2-2: Foul Ball, location: 2F 2-2: Ball 3-2: Base on Balls
|
Batting: SHB Kenneth Merritt
|
0-0: DOUBLE (Line Drive, 9LD, EV 107.5 MPH) Greg Toler to third
|
Batting: RHB Willie Picchioni
|
0-0: Called Strike 0-1: SINGLE (Flyball, 56D, EV 96.9 MPH) Greg Toler scores Kenneth Merritt to third Runner from 3rd tries for Home, SAFE, throw by LF to home
|
Batting: LHB Billy Fink
|
0-0: Ball 1-0: Ball 2-0: Called Strike 2-1: Called Strike 2-2: Ball Willie Picchioni is caught stealing 2nd base 2-6 3-2: Foul Ball, location: 2F 3-2: Base on Balls
|
Batting: LHB Billy Jo Robidoux
|
0-0: Ball Billy Fink steals 2nd base (no throw) 1-0: Ball 2-0: Foul Ball, location: 2F 2-1: Foul Ball, location: 2F 2-2: Ball 3-2: Fly out, F7 (Flyball, 7, EV 88.1 MPH)
|
Batting: LHB Steve Padia
|
0-0: Called Strike 0-1: Called Strike 0-2: Strikes out swinging
|
Bottom of the 5th over - 2 runs, 2 hits, 0 errors, 1 left on base; Medicine Hat 2 - Bozeman 5 |
TOP OF THE 6TH |
Medicine Hat Blue Jays batting - Pitching for Bozeman Pheasants : RHP Freddie Toliver
|
Batting: RHB Carlos Ponce
|
0-0: Called Strike 0-1: SINGLE (Line Drive, 34D, EV 106.3 MPH)
|
Batting: LHB Roberto Pacheco
|
0-0: Called Strike 0-1: SINGLE (Flyball, 8RS, EV 95.0 MPH) Carlos Ponce to second Runner from 2nd tries for 3rd, SAFE, no throw by CF
|
Batting: RHB Terence Shoebridge
|
0-0: Ball 1-0: Ball 2-0: Ball 3-0: Foul Ball, location: 2F 3-1: Fly out, F8 (Flyball, 89XD, EV 96.9 MPH) Runner from 3rd tags up, SCORES, no throw by CF
|
Batting: SHB Manuel DelRosario
|
0-0: Ball 1-0: Ball 2-0: Ground out U3 (Groundball, 34S, EV 86.3 MPH) Roberto Pacheco to second
|
Batting: RHB Jose Valdez
|
0-0: Fly out, F8 (Flyball, 8RS, EV 86.3 MPH)
|
Top of the 6th over - 1 run, 2 hits, 0 errors, 1 left on base; Medicine Hat 3 - Bozeman 5 |
BOTTOM OF THE 6TH |
Bozeman Pheasants batting - Pitching for Medicine Hat Blue Jays : LHP Chris Green
|
Batting: LHB Russ Orrick
|
0-0: Ball 1-0: Foul Ball, location: 2F 1-1: Ball 2-1: Ball 3-1: SINGLE (Groundball, 6MS, EV 89.4 MPH) (infield hit)
|
Batting: RHB Tom Duggan
|
0-0: DOUBLE (Line Drive, 78XD, EV 106.3 MPH) Russ Orrick to third
|
Pitching: RHP Andrew Adams
|
|
Batting: LHB Martin Baier
|
0-0: Called Strike 0-1: Swinging Strike 0-2: Ball 1-2: Ground out 5-3 (Groundball, 56, EV 93.8 MPH)
|
Batting: RHB Greg Toler
|
0-0: Ball 1-0: Called Strike 1-1: Foul Ball, location: 2F 1-2: Strikes out swinging
|
Batting: SHB Kenneth Merritt
|
0-0: DOUBLE (Flyball, 8RXD, EV 111.3 MPH) Russ Orrick scores Tom Duggan scores
|
Batting: RHB Willie Picchioni
|
0-0: Called Strike 0-1: Called Strike 0-2: Strikes out looking
|
Bottom of the 6th over - 2 runs, 3 hits, 0 errors, 1 left on base; Medicine Hat 3 - Bozeman 7 |
TOP OF THE 7TH |
Medicine Hat Blue Jays batting - Pitching for Bozeman Pheasants : RHP Freddie Toliver
|
Batting: LHB Jeffrey Wilson
|
0-0: Foul Ball, location: 2F 0-1: SINGLE (Line Drive, 7S, EV 93.8 MPH)
|
Batting: RHB Burt Milley
|
0-0: Ball 1-0: Ball 2-0: Called Strike 2-1: Ball 3-1: Fly out, F8 (Flyball, 89D, EV 96.3 MPH)
|
Batting: RHB Greg Legg
|
0-0: Called Strike Jeffrey Wilson steals 2nd base 0-1: Foul Ball, location: 2F 0-2: Ball 1-2: Ball 2-2: Fly out, F7 (Line Drive, 7, EV 87.5 MPH)
|
Batting: LHB Alberto Chino
|
0-0: Called Strike 0-1: Ground out U3 (Groundball, 34, EV 85.6 MPH)
|
Top of the 7th over - 0 runs, 1 hit, 0 errors, 1 left on base; Medicine Hat 3 - Bozeman 7 |
BOTTOM OF THE 7TH |
Bozeman Pheasants batting - Pitching for Medicine Hat Blue Jays : RHP Andrew Adams
|
Batting: LHB Billy Fink
|
0-0: SINGLE (Groundball, 34D, EV 99.4 MPH)
|
Batting: LHB Billy Jo Robidoux
|
0-0: Fielders Choice at 2nd, 4-6 (Groundball, 34, EV 81.3 MPH)
|
Batting: LHB Steve Padia
|
0-0: Called Strike 0-1: Ball 1-1: Swinging Strike 1-2: Ball 2-2: Ball Wild Pitch! Billy Jo Robidoux to second 3-2: Foul Ball, location: 2F 3-2: Base on Balls
|
Batting: LHB Russ Orrick
|
0-0: Called Strike 0-1: Called Strike Billy Jo Robidoux steals 3rd base Steve Padia to second 0-2: Ball 1-2: Ground out 2-3 (Groundball, 15S, EV 65.6 MPH)
|
Batting: RHB Tom Duggan
|
0-0: Called Strike 0-1: Ball 1-1: Swinging Strike 1-2: Ground out 4-3 (Groundball, 4, EV 106.9 MPH)
|
Bottom of the 7th over - 0 runs, 1 hit, 0 errors, 2 left on base; Medicine Hat 3 - Bozeman 7 |
TOP OF THE 8TH |
Medicine Hat Blue Jays batting - Pitching for Bozeman Pheasants : RHP Freddie Toliver
|
Batting: RHB Carlos Ponce
|
0-0: Ball 1-0: Foul Ball, location: 2F 1-1: Swinging Strike 1-2: SINGLE (Flyball, 89M, EV 93.1 MPH)
|
Batting: LHB Roberto Pacheco
|
0-0: Called Strike 0-1: Foul Ball, location: 2F 0-2: Ball 1-2: SINGLE (Flyball, 3D, EV 93.1 MPH) Carlos Ponce to second Runner from 2nd tries for 3rd, SAFE, throw by RF made to third
|
Batting: RHB Terence Shoebridge
|
0-0: Ball 1-0: Called Strike 1-1: Called Strike 1-2: Grounds into double play, 5-4-3 (Groundball, 56, EV 105.6 MPH) Carlos Ponce scores
|
Batting: SHB Manuel DelRosario
|
0-0: Ball 1-0: SINGLE (Line Drive, 56, EV 94.4 MPH)
|
Batting: RHB Jose Valdez
|
0-0: Ball 1-0: Ball 2-0: Foul Ball, location: 2F 2-1: DOUBLE (Groundball, 5L, EV 105.6 MPH) Manuel DelRosario to third
|
Batting: LHB Jeffrey Wilson
|
0-0: Ball 1-0: Called Strike 1-1: Ball 2-1: Fly out, F7 (Flyball, 78D, EV 106.9 MPH)
|
Top of the 8th over - 1 run, 4 hits, 0 errors, 2 left on base; Medicine Hat 4 - Bozeman 7 |
BOTTOM OF THE 8TH |
Bozeman Pheasants batting - Pitching for Medicine Hat Blue Jays : RHP Andrew Adams
|
Batting: LHB Martin Baier
|
0-0: Called Strike 0-1: Foul Ball, location: 2F 0-2: Ball 1-2: Fly out, F8 (Line Drive, 8LM, EV 90.6 MPH)
|
Batting: RHB Greg Toler
|
0-0: Ball 1-0: Ball 2-0: Called Strike 2-1: Ball 3-1: Base on Balls
|
Pitching: LHP Robert Allen
|
|
Batting: SHB Kenneth Merritt
|
0-0: Called Strike 0-1: Ball 1-1: Foul Ball, location: 2F 1-2: Fly out, F7 (Flyball, 7LS, EV 85.0 MPH)
|
Batting: RHB Willie Picchioni
|
0-0: Called Strike 0-1: Ball 1-1: Fielders Choice at 2nd, 5-4 (Groundball, 5, EV 102.5 MPH)
|
Bottom of the 8th over - 0 runs, 0 hits, 0 errors, 1 left on base; Medicine Hat 4 - Bozeman 7 |
TOP OF THE 9TH |
Medicine Hat Blue Jays batting - Pitching for Bozeman Pheasants : RHP Freddie Toliver
|
Batting: RHB Burt Milley
|
0-0: Called Strike 0-1: Called Strike 0-2: Ball 1-2: Reached on error, E5 (Groundball, 56S, EV 62.5 MPH)
|
Batting: RHB Greg Legg
|
0-0: Called Strike 0-1: Ball 1-1: Called Strike 1-2: Ground out 4-3 (Groundball, 4S, EV 82.5 MPH) Burt Milley to third
|
Batting: LHB Alberto Chino
|
0-0: Foul Ball, location: 2F 0-1: Ground out 6-3 (Groundball, 6, EV 90.0 MPH) Burt Milley scores
|
Batting: RHB Carlos Ponce
|
0-0: Ball 1-0: Ball 2-0: Ground out 5-3 (Groundball, 56S, EV 86.9 MPH)
|
Top of the 9th over - 1 run, 0 hits, 1 error, 0 left on base; Medicine Hat 5 - Bozeman 7 |
|